 Dungeon Crawl Stone Soup version 0.28.0-43-g3370ac3207 (webtiles) character file.

Game seed: 290926441464839319

1368 Jerry the Slasher (level 8, -8/60 HPs)
             Began as a Human Fighter on Mar 21, 2022.
             Was an Initiate of Gozag.
             Mangled by a two-headed ogre
             ... wielding a +0 giant club
              (23 damage)
             ... on level 6 of the Dungeon on Mar 22, 2022.
             The game lasted 00:29:24 (8228 turns).

Jerry the Slasher (Human Fighter)                   Turns: 8228, Time: 00:29:25

Health: -8/60      AC: 11    Str: 20    XL:     8   Next: 97%
Magic:  8/8        EV:  9    Int: 14    God:    Gozag
Gold:   133        SH:  5    Dex: 12    Spells: 7/7 levels left

rFire   . . .      SeeInvis .   a - +0 long sword
rCold   . . .      Faith    .   c - +0 buckler
rNeg    . . .      Spirit   .   b - +0 scale mail
rPois   .          Reflect  .   (no helmet)
rElec   .          Harm     .   d - +0 cloak
rCorr   .          Rampage  .   p - +1 pair of gloves {Stlth+}
Will    .....                   (no boots)
Stlth   +.........              (no amulet)
HPRegen 0.20/turn               o - +6 ring of intelligence
MPRegen 0.11/turn               (no ring)

@: mighty
A: no striking features
a: Renounce Religion, Potion Petition, Call Merchant, Bribe Branch


You were on level 6 of the Dungeon.
You worshipped Gozag.
Gozag was aware of your devotion.
You visited 2 branches of the dungeon, and saw 7 of its levels.

You collected 180 gold pieces.
You paid 47 gold pieces to Gozag.

Inventory:

Hand Weapons
 a - a +0 long sword (weapon)
 e - a +0 short sword of venom
Missiles
 r - 7 poisoned darts (quivered)
Armour
 b - a +0 scale mail (worn)
 c - a +0 buckler (worn)
 d - a +0 cloak (worn)
 p - a +1 pair of gloves of stealth (worn)
Jewellery
 o - a +6 ring of intelligence (left hand)
Scrolls
 f - 3 scrolls of teleportation
 h - 2 scrolls of identify
 i - a scroll of torment {unknown}
 k - 2 scrolls of fog
 l - 3 scrolls of immolation
Potions
 g - a potion of flight
 j - 2 potions of heal wounds
 m - a potion of berserk rage {unknown}
 n - a potion of ambrosia
 t - a potion of lignification {unknown}


   Skills:
 + Level 4.2 Fighting
 * Level 7.5 Long Blades
 + Level 5.9 Armour
 - Level 5.0 Shields


You had 7 spell levels left.
You didn't know any spells.
Your spell library contained the following spells:

 Spells                   Type           Power      Damage    Failure   Level
 Sting                    Tmut/Pois      0%         1d3       69%         1
 Blink                    Tloc           0%         N/A       83%         2
 Poisonous Vapours        Pois/Air       0%         N/A       83%         2
 Lesser Beckoning         Tloc           0%         N/A       96%         3
 Olgreb's Toxic Radiance  Pois           0%         N/A       100%        4
 Manifold Assault         Tloc           0%         N/A       100%        5


Dungeon Overview and Level Annotations

Branches:
Dungeon (6/15)             Temple (1/1) D:4

Altars:
Ashenzari
Cheibriados
Elyvilon
Gozag
Hepliaklqana
Kikubaaqudgha
Makhleb
Nemelex Xobeh
Okawaru
Qazlal
Ru
Sif Muna
Trog
Uskayaw
Yredelemnul
Zin
The Shining One

Shops:
D:1 [   D:5 *


Message History

(D) Dungeon (T) Temple
Where to? (Enter - Temple @ (x,y), ? - help)
What level of the Dungeon? (default 4, ? - help)
There is an open door here.
There is an open door here.
There is an open door here.
There is a staircase back to the Dungeon here.
You climb upwards.
Welcome back to the Dungeon!
There is a staircase to the Ecumenical Temple here.
Done exploring.
There is a stone staircase leading down here.
You climb downwards.
There is a stone staircase leading up here.
Done exploring.
Done exploring.
There is a stone staircase leading down here.
You climb downwards.
Found a quarterstaff.
There is a stone staircase leading up here.
Found 16 arrows.
Found a spear.
You now have 133 gold pieces (gained 10).
A two-headed ogre comes into view.
It is wielding a +0 giant club and a +0 giant spiked club.
The two-headed ogre shouts in stereo!
You feel very mighty all of a sudden.
You slash the two-headed ogre!
The two-headed ogre is lightly wounded.
The two-headed ogre barely misses you. x2
You slash the two-headed ogre!
The two-headed ogre is moderately wounded.
You slash the two-headed ogre!
The two-headed ogre is heavily wounded.
The two-headed ogre hits you with a +0 giant club!!
The two-headed ogre hits you with a +0 giant spiked club!!
* * * LOW HITPOINT WARNING * * *
You completely miss the two-headed ogre.
The two-headed ogre is heavily wounded.
The two-headed ogre hits you with a +0 giant club!!
You die...
Your body crumbles into a pile of gold.

########## .........#
#########.#######
........O@.......
######.#.#########
#.......#.........#
#.###.#.####......#
#.#.#.##.#############
#.........##..........
##.####.......#######
...)................
###.###..(...##.####


You could see a two-headed ogre.

Vanquished Creatures
  Grinder (D:3)
  A water moccasin (D:5)
  An orc warrior (D:5)
  A necrophage (D:3)
  An ogre (D:4)
  A wyvern zombie (D:5)
  2 scorpions
  A water moccasin skeleton (D:5)
  A gnoll shaman (D:4)
  2 jellies
  An orc priest (D:3)
  2 iguanas (D:5)
  Natasha (thrice) (D:4)
  2 orc wizards
  A hound skeleton (D:4)
  A howler monkey zombie (D:5)
  7 adders
  11 gnolls
  A worm (D:4)
  2 adder skeletons (D:4)
  A dart slug (D:4)
  11 orcs
  3 endoplasms
  2 giant cockroaches
  5 goblins
  4 hobgoblins
  7 jackals (D:4)
  2 quokkas
  5 ball pythons
  6 bats
  A frilled lizard (D:2)
  15 kobolds
  7 rats
112 creatures vanquished.

Notes
Turn   | Place    | Note
-------+----------+-------------------------------------------
     0 | D:1      | Jerry the Human Fighter began the quest for the Orb.
     0 | D:1      | Reached XP level 1. HP: 18/18 MP: 1/1
   123 | D:1      | Found a faded altar of an unknown god.
   131 | D:1      | Reached XP level 2. HP: 13/24 MP: 2/2
   518 | D:1      | Found Ixtaen's Antique Armour Shoppe.
  1240 | D:1      | HP: 1/24 [gnoll/+0 halberd (8)]
  1534 | D:2      | Reached XP level 3. HP: 24/29 MP: 3/3
  1611 | D:2      | Reached skill level 3 in Long Blades
  1667 | D:2      | Reached XP level 4. HP: 18/35 MP: 4/4
  2486 | D:1      | Prayed at the altar of an unknown god.
  2486 | D:1      | Became a worshipper of Elyvilon the Healer
  2486 | D:1      | Reached * piety under Elyvilon
  2582 | D:3      | Reached XP level 5. HP: 27/41 MP: 5/5
  2896 | D:3      | Noticed Grinder
  3027 | D:3      | Killed Grinder
  3028 | D:3      | Reached skill level 5 in Long Blades
  3028 | D:3      | Reached XP level 6. HP: 31/47 MP: 6/6
  3542 | D:4      | Reached XP level 7. HP: 50/52 MP: 7/7
  3996 | D:4      | Found a staircase to the Ecumenical Temple.
  4808 | D:4      | Reached ** piety under Elyvilon
  5122 | D:4      | Reached skill level 6 in Long Blades
  5122 | D:4      | Reached skill level 5 in Armour
  5122 | D:4      | Reached skill level 5 in Shields
  5257 | D:4      | Noticed Natasha
  5481 | D:4      | Reached XP level 8. HP: 46/58 MP: 8/8
  5615 | D:4      | Killed Natasha
  6064 | D:4      | Noticed Natasha
  6074 | D:4      | Killed Natasha
  6204 | D:4      | Noticed Natasha
  6217 | D:4      | Killed Natasha
  6347 | D:5      | Entered Level 5 of the Dungeon
  6643 | D:5      | Found Dipoi's General Store.
  6790 | D:5      | Reached skill level 7 in Long Blades
  7255 | D:5      | Found a white marble altar of Elyvilon.
  7335 | D:5      | Found a shimmering blue altar of Sif Muna.
  7897 | Temple   | Entered the Ecumenical Temple
  8124 | Temple   | Fell from the grace of Elyvilon
  8124 | Temple   | Became a worshipper of Gozag Ym Sagoz the Greedy
  8221 | D:6      | Noticed a two-headed ogre
  8228 | D:6      | Mangled by a two-headed ogre

Illustrated notes

Levels and vault maps discovered:
D:1:      dpeg_arrival_round_c, layout_loops_ring,
          ebering_ecumenical_altar_rust, serial_shops,
          nicolae_shop_competitors_out_of_business
D:2:      minmay_evil_eye, layout_basic
D:3:      layout_rooms, uniq_grinder
D:4:      layout_basic, minmay_temple_entry_from_below_a, st_stairs_12,
          uniq_natasha
D:5:      layout_rooms, mainiacjoe_overflow_24_doors, elyvilon_altar_3,
          serial_shops, kennysheep_mini_moat
D:6:      layout_basic, xom_butterflies, kennysheep_generic_room_10,
          uniq_sigmund
Temple:   regret_index_temple_generic_petals

Skill      XL: |  1  2  3  4  5  6  7  8 |
---------------+-------------------------+-----
Long Blades    | 3 5 6 7 |  7.5
Armour         | 4 5 |  5.9
Shields        | 4 5 |  5.0
Fighting       | 4 |  4.2

Action                   |  1- 3 |  4- 6 |  7- 9 || total
-------------------------+-------+-------+-------++-------
Melee: Long sword        |    23 |    19 |   290 ||   332
       Short sword       |    65 |    95 |       ||   160
Throw: Dart              |       |       |    19 ||    19
Invok: Purification      |       |       |     1 ||     1
  Use: Potion            |       |     1 |     3 ||     4
       Scroll            |       |       |    12 ||    12
Armor: Scale mail        |    36 |    37 |    98 ||   171
Dodge: Dodged            |    41 |    36 |   120 ||   197
Block: Buckler           |    13 |    27 |    64 ||   104
